 Dungeon Crawl Stone Soup version 0.28.0-53-g5a82cb258f (webtiles) character file.

Game seed: 7179894362737778389

63 issech the Chopper (level 3, -2/33 HPs)
             Began as a Minotaur Monk on June 17, 2022.
             Killed from afar by Natasha (4 damage)
             ... with a magic dart
             ... on level 2 of the Dungeon.
             The game lasted 00:03:19 (1727 turns).

issech the Chopper (Minotaur Monk)                  Turns: 1727, Time: 00:03:21

Health: -2/33      AC:  2    Str: 15    XL:     3   Next: 89%
Magic:  2/2        EV: 13    Int:  7    God:
Gold:   113        SH:  0    Dex: 14    Spells: 2/2 levels left

rFire   . . .      SeeInvis .   g - +0 war axe
rCold   . . .      Faith    .   (no shield)
rNeg    . . .      Spirit   .   b - +0 robe
rPois   .          Reflect  .   (helmet restricted)
rElec   .          Harm     .   (no cloak)
rCorr   .          Rampage  .   (no gloves)
Will    .....                   (no boots)
Stlth   ++........              (no amulet)
HPRegen 0.11/turn               (no ring)
MPRegen 0.08/turn               (no ring)

@: slowed, very slow
A: horns 2, retaliatory headbutt
a: no special abilities


You were on level 2 of the Dungeon.
You visited 1 branch of the dungeon, and saw 2 of its levels.

You collected 113 gold pieces.

Inventory:

Hand Weapons
 a - a +0 hand axe
 g - a +0 war axe (weapon)
Missiles
 c - 22 stones (quivered)
 d - 21 arrows
 l - 27 sling bullets
Armour
 b - a +0 robe (worn)
Scrolls
 f - a scroll of teleportation {unknown}
 h - a scroll of identify {unknown}
 j - a scroll of immolation {unknown}
 k - a scroll of magic mapping {unknown}
Potions
 e - a potion of magic {unknown}
 i - a potion of ambrosia {unknown}
 m - a potion of mutation {unknown}


   Skills:
 + Level 4.2 Fighting
 + Level 4.5 Axes
 + Level 4.0 Dodging
 + Level 1.9 Stealth


You had 2 spell levels left.
You didn't know any spells.
Your spell library contained the following spells:

 Spells                   Type           Power      Damage    Failure   Level
 Animate Skeleton         Necr           0%         N/A       43%         1
 Apportation              Tloc           0%         N/A       43%         1
 Pain                     Necr           0%         1d4       43%         1
 Vampiric Draining        Necr           0%         2d6       80%         3
 Alistair's Intoxication  Tmut/Pois      0%         N/A       100%        5


Dungeon Overview and Level Annotations

Branches:
Dungeon (2/15)

Altars:

Annotations:
D:2 Natasha


Innate Abilities, Weirdness & Mutations

You have a pair of horns on your head.
You reflexively headbutt those who attack you in melee.


Message History

Natasha hisses angrily.
Natasha moves out of view.
Natasha casts a spell.
Found 15 gold pieces.
You closely miss Natasha.
The crimson imp grins evilly.
Natasha claws you!
You barely miss Natasha. You closely miss the crimson imp. Natasha claws you!
The crimson imp blinks!
You barely miss Natasha. Your headbutt misses Natasha.
Natasha closely misses you. Natasha barely misses you.
You barely miss Natasha. Your headbutt misses Natasha. Natasha claws you!
* * * LOW HITPOINT WARNING * * *
You hit Natasha.
Natasha is lightly wounded.
Natasha stares at you and mumbles some strange words.
You resist with significant effort.
You barely miss Natasha. Your headbutt misses Natasha.
Your punch misses Natasha.
Natasha is lightly wounded.
You barely miss the crimson imp. Natasha claws you.
* * * LOW HITPOINT WARNING * * *
The crimson imp hits you.
* * * LOW HITPOINT WARNING * * *
You hit Natasha but do no damage.
Natasha is lightly wounded.
You miss the crimson imp. Natasha casts a spell at you.
You feel yourself slow down. The crimson imp hits you.
* * * LOW HITPOINT WARNING * * *
Natasha stares at you and mumbles some strange words.
You feel as though you will be slow longer.
You hit Natasha. You headbutt Natasha.
Natasha is almost dead.
You closely miss the crimson imp.
The crimson imp hits you but does no damage.
Natasha hisses.
Natasha casts a spell at you. The magic dart hits you.
You die...

...........#....#
...........#....#
...........#....#
...........#....#
.....$.....#....#
#.........#....#
#....5h...#....###
#.....@........'.####
##......###....#....#
#......# #....#....#
#......#
######....###
#......# #....##.
......... #....##.
.......... #....##.
$.........# #.#####.
#######.......


You could see Natasha and a crimson imp (summoned).

Vanquished Creatures
  Natasha (D:2)
  A dart slug (D:1)
  3 ball pythons (D:1)
  4 bats
  8 endoplasms (D:1)
  5 hobgoblins (D:1)
  3 jackals (D:1)
  2 kobolds (D:1)
  3 goblins (D:1)
  A rat (D:1)
31 creatures vanquished.

Vanquished Creatures (others)
  5 toadstools (D:1)
5 creatures vanquished.

Grand Total: 36 creatures vanquished

Notes
Turn   | Place    | Note
-------+----------+-------------------------------------------
     0 | D:1      | issech the Minotaur Monk began the quest for the Orb.
     0 | D:1      | Reached XP level 1. HP: 19/19 MP: 0/0
   306 | D:1      | Reached XP level 2. HP: 17/27 MP: 1/1
   634 | D:1      | Found a faded altar of an unknown god.
   634 | D:1      | Noticed a red devil
  1036 | D:1      | Reached XP level 3. HP: 26/33 MP: 2/2
  1599 | D:2      | Noticed Natasha
  1609 | D:2      | Killed Natasha
  1714 | D:2      | Noticed Natasha
  1727 | D:2      | Killed from afar by Natasha

Illustrated notes

Levels and vault maps discovered:
D:1:      psy_arrival_heroes, layout_loops_ring,
          dreamdust_ecumenical_altar_sealed_demon, minmay_gold_behind_fungi,
          serial_bayou_pond_e
D:2:      layout_basic, uniq_natasha

Skill      XL: |  1  2  3 |
---------------+----------+-----
Axes           | 4 |  4.5
Fighting       | 4 |  4.2
Dodging        | 4 |  4.0
Stealth        | |  1.9

Action                   || total
-------------------------++-------
Melee: Hand axe          ||    43
       Headbutt          ||    12
       War axe           ||    29
       Punch             ||     1
 Stab: Sleeping          ||     1
Armor: Robe              ||    11
Dodge: Dodged            ||    43
